 Dungeon Crawl Stone Soup version 0.27-a0-1193-g8631133539 (webtiles) character file.

Game seed: 8730949318446410492

3 EnegeticOcto the Magician (level 1, 0/15 HPs)
             Began as a Djinni Earth Elementalist on May 25, 2021.
             Slain by a ball python (1 damage)
             ... on level 2 of the Dungeon.
             The game lasted 00:00:12 (40 turns).

EnegeticOcto the Magician (Djinni Earth Elementalist) Turns: 40, Time: 00:00:13

Health: 0/15       AC:  2    Str:  7    XL:     1   Next: 55%
Gold:   0          EV:  9    Int: 16    God:
                   SH:  0    Dex: 13

rFire    + + .     SeeInvis .   (no weapon)
rCold    x . .     Faith    .   (no shield)
rNeg     . . .     Spirit   .   c - +0 robe
rPois    ∞         Reflect  .   (no helmet)
rElec    .         Harm     .   (no cloak)
rCorr    .         Rampage  .   (no gloves)
Will     .....                  (boots unavailable)
Stlth    ++........             (no amulet)
HPRegen  0.05/turn              (no ring)
MPRegen  0.00/turn              (no ring)

@: flying, constricted
A: sickness immunity, fire resistance 2, cold vulnerability 1, float, innate
caster, hp casting, extra vitality 1
a: no special abilities


You were on level 2 of the Dungeon.
You visited 1 branch of the dungeon, and saw 2 of its levels.

Inventory:

Missiles
 b - 23 stones
Armour
 c - a +0 robe (worn)


   Skills:
 - Level 2.1 Dodging
 - Level 1.5 Stealth
 + Level 2.6 Spellcasting


You couldn't memorise any spells.
You knew the following spells:

 Your Spells              Type           Power      Damage    Failure   Level
a - Sandblast             Erth           20%        2d7       7%          1
b - Stone Arrow           Conj/Erth      20%        3d8       21%         3
c - Petrify               Tmut/Erth      10%        N/A       54%         4
d - Lee's Rapid Deconstr  Erth           5%         3d7*      88%         5
p - Passwall              Tmut/Erth      8%         N/A       10%         2
Your spell library was empty.

Dungeon Overview and Level Annotations

Branches:
Dungeon (2/15)

Altars:


Innate Abilities, Weirdness & Mutations

You are immune to sickness and miasma.
You are immune to poison.
Your flesh is very heat resistant. (rF++)
You are vulnerable to cold. (rC-)
You float through the air rather than walking.
You learn spells naturally, not from books.
Your magical power is your life essence.
You have superior vitality. (+4 HP)


Message History

Welcome, EnegeticOcto the Djinni Earth Elementalist.
The bosom of this dungeon contains the fabled artefact, the Orb of Zot.
Press ? for a list of commands and other information.
Found a staircase leading out of the dungeon.
You begin with the following spells memorised: Sandblast, Passwall, Stone Arrow, Petrify, Lee's Rapid Deconstruction.
Found a stone staircase leading down.
There is a stone staircase leading down here.
(D) Dungeon
Where to? (? - help)
You fly downwards. 3 jackals and a goblin come into view.
The jackal barks!
Found a bubbling sapphire potion.
There is a stone staircase leading up here.
Cast which spell? (? or * to list)
Aiming: Sandblast (safe; 8% risk of failure)
Press: ? - help, Shift-Dir - straight line, f - goblin
Aim: a goblin, wielding a +0 club (wandering, hasn't noticed you, 72% to hit)
The blast of sand hits the goblin!
You kill the goblin!
The jackal barks! x2
A jackal comes into view.
Casting: Sandblast (safe; 8% risk of failure)
Confirm with . or Enter, or press ? or * to list all spells.
Aiming: Sandblast (safe; 8% risk of failure)
Press: ? - help, Shift-Dir - straight line, f - jackal
Aim: a jackal (72% to hit)
The blast of sand misses the jackal.
The jackal barks!
Casting: Sandblast (safe; 8% risk of failure)
Confirm with . or Enter, or press ? or * to list all spells.
Aiming: Sandblast (safe; 8% risk of failure)
Press: ? - help, Shift-Dir - straight line, f/p - jackal
Aim: a jackal (72% to hit)
The blast of sand hits the jackal.
You kill the jackal!
Casting: Sandblast (safe; 7% risk of failure)
Confirm with . or Enter, or press ? or * to list all spells.
Aiming: Sandblast (safe; 7% risk of failure)
Press: ? - help, Shift-Dir - straight line, f - jackal
Aim: a jackal (74% to hit)
The blast of sand misses the jackal.
The jackal misses you. The jackal bites you.
A worm and a goblin come into view.
The jackal completely misses you.
The goblin moves out of view.
Casting: Sandblast (safe; 7% risk of failure)
Confirm with . or Enter, or press ? or * to list all spells.
Aiming: Sandblast (safe; 7% risk of failure)
Press: ? - help, Shift-Dir - straight line, f/p - jackal
Aim: a jackal (74% to hit)
The blast of sand misses the jackal.
The jackal bites you.
Casting: Sandblast (safe; 7% risk of failure)
Confirm with . or Enter, or press ? or * to list all spells.
Aiming: Sandblast (safe; 7% risk of failure)
Press: ? - help, Shift-Dir - straight line, f/p - jackal
Aim: a jackal (74% to hit)
The blast of sand hits the jackal!
You kill the jackal!
The goblin shouts!
The jackal barely misses you.
Casting: Sandblast (safe; 7% risk of failure)
Confirm with . or Enter, or press ? or * to list all spells.
Aiming: Sandblast (safe; 7% risk of failure)
Press: ? - help, Shift-Dir - straight line, f - jackal
Aim: a jackal (74% to hit)
The blast of sand hits the jackal.
The jackal is heavily wounded.
The jackal barely misses you.
A ball python comes into view.
The jackal closely misses you.
A quokka comes into view.
The ball python hisses angrily.
A giant cockroach comes into view.
Found a bubbling sapphire potion.
The jackal closely misses you.
Found 9 stones.
The ball python bites you. The ball python grabs you.
* * * LOW HITPOINT WARNING * * *
The ball python constricts you.
You escape the ball python's grasp.
The quokka closely misses you. The jackal barely misses you.
The ball python barely misses you. The ball python grabs you.
The ball python constricts you. The quokka bites you.
* * * LOW HITPOINT WARNING * * *
The ball python closely misses you.
You die...

#.......# #.......#
#.......# #.......#
#.!.....# #.......#
#.Sr....# ###.B@....#
#..hh.....#
#####.#.........#
#####...g...........#
........###.........#
.....w##.<..........#
..... #h...........#
.... #...).........#
... .....#......(


You could see a quokka, 2 jackals, a giant cockroach, a goblin and a ball
python.

Vanquished Creatures
  2 jackals (D:2)
  A goblin (D:2)
3 creatures vanquished.

Notes
Turn   | Place    | Note
-------+----------+-------------------------------------------
     0 | D:1      | EnegeticOcto the Djinni Earth Elementalist began the quest
                  | for the Orb.
     0 | D:1      | Reached XP level 1. HP: 15/15 MP: 0/0
    40 | D:2      | Slain by a ball python

Illustrated notes

Levels and vault maps discovered:
D:1:      psy_arrival_radial02, layout_basic, serial_forest,
          infiniplex_forest_lined_2, infiniplex_forest_end_3,
          infiniplex_forest_clump_small, infiniplex_forest_end_3,
          infiniplex_forest_straight_1, infiniplex_forest_lined_room_2,
          infiniplex_forest_end_3, infiniplex_forest_split,
          infiniplex_forest_straight_4,
          shapermc_ecumenical_altar_mp_urbaneastern
D:2:      layout_rooms, basic_altar

Action                   || total
-------------------------++-------
 Cast: Sandblast         ||     7
Dodge: Dodged            ||    10

Table legend: (Time is in decaauts)
 A = Elapsed time spent in this place.
 B = Non-inter-level travel time spent in this place.
 C = Inter-level travel time spent in this place.
 D = Time resting spent in this place.
 E = Time spent auto-exploring this place.
 F = Levels seen in this place.
 G = Mean time per level.
                   A        B        C        D        E       F      G
               +--------+--------+--------+--------+--------+-----+--------+
         Total |     39 |     38 |      1 |      0 |      0 |   2 |   19.5 |
       Dungeon |     39 |     38 |      1 |      0 |      0 |   2 |   19.5 |
               +--------+--------+--------+--------+--------+-----+--------+

Top non-repeatable levels by time:
     D:1: 25 daAuts
     D:2: 14 daAuts
